 Dungeon Crawl Stone Soup version 0.21.1-1-g345015f (webtiles) character file.

11170 troglodite the Blocker (level 11, -1/86 HPs)
             Began as a Demonspawn Berserker on June 15, 2018.
             Was a High Priest of Trog.
             Slain by a troll (11 damage)
             ... on level 12 of the Dungeon on June 18, 2018.
             The game lasted 00:44:13 (15226 turns).

troglodite the Blocker (Demonspawn Berserker)      Turns: 15226, Time: 00:44:14

Health: -1/86      AC: 19    Str: 21    XL:     11   Next: 45%
Magic:  20/20      EV: 17    Int:  9    God:    Trog [*****.]
Gold:   810        SH: 13    Dex: 16    Spells: 10/10 levels left

rFire    + . .     SeeInvis .   a - +1 falchion
rCold    . . .     Gourm    .   l - +1 shield
rNeg     . . .     Faith    +   B - +5 scale mail of Oboomno {Str+4}
rPois    .         Spirit   .   G - +0 helmet (curse)
rElec    .         Reflect  .   J - +2 cloak
rCorr    .         Harm     .   (no gloves)
MR       .....                  z - +0 pair of boots
Stlth    +.........             r - amulet of faith
HPRegen  0.24/turn              D - ring of magical power
MPRegen  0.17/turn              t - ring of stealth

@: berserk cooldown, slowed, repel missiles, very slow
A: hooves 1, repulsion field 3, fire resistance 1, powered by death 1
a: Berserk, Trog's Hand, Brothers in Arms, Burn Spellbooks, Renounce Religion


You were on level 12 of the Dungeon.
You worshipped Trog.
Trog was extremely pleased with you.
You were not hungry.

You visited 1 branch of the dungeon, and saw 12 of its levels.
You also visited: Ossuary.

You collected 810 gold pieces.

Inventory:

Hand Weapons
 a - a +1 falchion (weapon)
Armour
 l - a +1 shield (worn)
 v - the +4 chain mail "Xiykeamn" {Int+4 Stlth+}
   (You found it on level 4 of the Dungeon)

   It affects your intelligence (+4).
   It makes you more stealthy.
 w - the -4 helmet of the Orb Guardian {+Fly rPois Str+4}
   (You found it on level 5 of the Dungeon)

   It affects your strength (+4).
   It protects you from poison.
   It lets you fly.
 z - a +0 pair of boots (worn)
 B - the +5 scale mail of Oboomno (worn) {Str+4}
   (You found it on level 9 of the Dungeon)

   It affects your strength (+4).
 G - a cursed +0 helmet (worn)
 H - a +1 helmet
 J - a +2 cloak (worn)
Jewellery
 r - an amulet of faith (around neck)
 t - a ring of stealth (right hand)
 y - an uncursed amulet of harm {unknown}
 D - a ring of magical power (left hand)
Wands
 q - a wand of scattershot (5)
 s - a wand of random effects (9)
 u - a wand of disintegration (10)
 E - a wand of flame (16)
 F - a wand of polymorph (25)
Scrolls
 b - 2 scrolls of enchant armour
 e - 9 scrolls of teleportation
 g - a scroll of magic mapping
 p - 2 scrolls of fog
 x - 3 scrolls of enchant weapon
 A - 2 scrolls of amnesia {unknown}
 C - 3 scrolls of identify
 I - a scroll of vulnerability {unknown}
Potions
 d - 2 potions of berserk rage
 f - a potion of agility
 h - 2 potions of magic
 i - 6 potions of curing
 j - 3 potions of heal wounds
 k - 6 potions of brilliance
 m - 4 potions of lignification
 n - 5 potions of flight
 o - a potion of ambrosia
Comestibles
 c - 19 rations


   Skills:
 * Level 8.2 Fighting
 + Level 7.4 Long Blades
 * Level 8.6 Armour
 * Level 6.6 Dodging
 + Level 0.4 Stealth
 * Level 8.7 Shields


You had 10 spell levels left.
You didn't know any spells.

Dungeon Overview and Level Annotations

Branches:
Dungeon (12/15)            Temple (0/1) D:4            Lair (0/6) D:8
    Orc (0/2) D:10

Altars:
Ashenzari
Cheibriados
Elyvilon
Gozag
Hepliaklqana
Nemelex Xobeh
Okawaru
Ru
Trog
Wu Jian
Yredelemnul
Zin

Shops:
D:4 }


Innate Abilities, Weirdness & Mutations

You have large cloven feet.
You are surrounded by a strong repulsion field. (EV +4, RMsl)
Your flesh is heat resistant. (rF+)
You regenerate a little health from kills.


Message History

You hit the troll but do no damage.
The troll is severely wounded.
You block the troll's attack. x2; The troll claws you.
The troll misses you. You block the troll's attack. The troll misses you.
You hit the troll but do no damage.
The troll is heavily wounded.
The troll barely misses you. You block the troll's attack.
The troll claws you but does no damage.
You closely miss the troll.
The troll is heavily wounded.
The troll bites you.
* * * LOW HITPOINT WARNING * * *
You block the troll's attack. The troll closely misses you.
You block the troll's attack. The troll misses you.
You block the troll's attack.
You eat one of the 20 rations.
That ration really hit the spot!
The troll bites you!
* * * LOW HITPOINT WARNING * * *
You block the troll's attack. The troll claws you!
You die...

#.# #.# #.# #.# #.#
#<# #+### #.#
......###########'####
......T@...##........#
......####.##........#
[.... #..#........#
.... ##.#..<.....# ###
#.'........#
###.....<..#
##########


You could see a troll.

Vanquished Creatures
  3 two-headed ogres
  2 ugly things (D:12)
  A cyclops (D:12)
  Maurice (D:8)
  3 trolls
  3 hippogriffs
  A wyvern (D:9)
  4 yaks (D:11)
  3 hungry ghosts
  2 orc warriors
  An ice beast (D:8)
  4 sky beasts
  A necrophage (D:9)
  2 phantoms
  7 ogres
  An eye of draining (D:11)
  A crocodile (D:8)
  2 big kobolds
  4 bullfrogs
  A water moccasin skeleton (D:11)
  21 killer bees
  A howler monkey (D:4)
  5 crimson imps
  A centaur zombie (D:7)
  A bullfrog zombie (D:7)
  A jelly (D:9)
  7 orc wizards
  A gnoll shaman (D:4)
  3 orc priests
  3 hounds
  5 bullfrog skeletons
  2 centaur skeletons
  An iguana (D:9)
  2 worker ants
  2 hound zombies
  2 mummies (Ossuary)
  38 gnolls
  9 adders
  3 shadow imps
  3 oozes
  2 worms
  A dart slug (D:2)
  3 leopard geckos (D:4)
  26 orcs
  10 giant cockroaches
  8 goblins
  6 hobgoblins (D:1)
  24 jackals
  3 quokkas
  3 bats
  3 frilled lizards
  3 gnoll zombies
  21 kobolds
  2 kobold zombies (Ossuary)
  An orc zombie (Ossuary)
  A quokka skeleton (D:4)
  A quokka zombie (D:5)
  5 rats
281 creatures vanquished.

Vanquished Creatures (collateral kills)
  A queen bee (D:8)
  A hippogriff (D:8)
  A yak (D:8)
  An orc warrior (D:7)
  An ogre (D:8)
  A crocodile (D:8)
  A killer bee (D:8)
  An orc priest (D:7)
  An orc wizard (D:8)
  An iguana (D:8)
  A worker ant (D:8)
  A big kobold zombie (Ossuary)
  6 mummies (Ossuary)
  2 gnolls (D:8)
  An adder (D:8)
  2 orcs (D:8)
  A kobold (D:8)
  A gnoll zombie (Ossuary)
  2 hobgoblin zombies (Ossuary)
27 creatures vanquished.

Grand Total: 308 creatures vanquished

Notes
Turn   | Place    | Note
-------+----------+-------------------------------------------
     0 | D:1      | troglodite the Demonspawn Berserker began the quest for the Orb.
     0 | D:1      | Reached XP level 1. HP: 18/18 MP: 1/1
    52 | D:1      | Gained mutation: You regenerate a little health from kills. [demonic ancestry]
    52 | D:1      | Reached XP level 2. HP: 24/24 MP: 2/2
   149 | D:1      | You fall through a shaft!
   330 | D:1      | Reached ** piety under Trog
   331 | D:1      | Reached XP level 3. HP: 23/30 MP: 3/3
  1011 | D:2      | Found a snail-covered altar of Cheibriados.
  2147 | D:3      | Reached XP level 4. HP: 26/37 MP: 4/4
  2827 | D:4      | Found a shattered altar of Ashenzari.
  2904 | D:4      | Found Ahupus's Gadget Emporium.
  2904 | D:4      | Noticed an ogre
  2917 | D:4      | Reached skill level 1 in Shields
  2917 | D:4      | Gained mutation: You are surrounded by a mild repulsion field. (EV +2) [demonic ancestry]
  2917 | D:4      | Reached XP level 5. HP: 43/43 MP: 5/5
  3171 | D:4      | Killed an ogre
  3475 | D:4      | Gained mutation: Your flesh is heat resistant. (rF+) [demonic ancestry]
  3475 | D:4      | Reached XP level 6. HP: 49/49 MP: 6/6
  3784 | D:4      | Reached *** piety under Trog
  4165 | D:4      | Found a staircase to the Ecumenical Temple.
  4627 | D:4      | Got a twisted chain mail
  4940 | D:4      | Gained mutation: You have large cloven feet. [demonic ancestry]
  4940 | D:4      | Reached XP level 7. HP: 55/55 MP: 7/7
  5020 | D:4      | Reached skill level 5 in Fighting
  5064 | D:4      | Reached **** piety under Trog
  5669 | D:5      | Entered Level 5 of the Dungeon
  5919 | D:5      | Got an ancient helmet
  5925 | D:5      | Identified the cursed -4 helmet of the Orb Guardian {+Fly rPois Str+4} (You found it on level 5 of the Dungeon)
  5941 | D:5      | Found a sparkling altar of Nemelex Xobeh.
  5954 | D:5      | Found an ornate altar of the Wu Jian Council.
  6096 | D:5      | Reached XP level 8. HP: 62/62 MP: 8/8
  6149 | D:5      | Found an opulent altar of Gozag.
  6221 | D:5      | Found an iron altar of Okawaru.
  6570 | D:6      | Reached ***** piety under Trog
  7162 | D:6      | Reached skill level 5 in Long Blades
  7493 | D:7      | Reached skill level 5 in Armour
  7622 | D:7      | Found a sand-covered staircase.
  7724 | Ossuary  | Entered an ossuary
  7764 | Ossuary  | Received a gift from Trog
  7957 | D:7      | Found a glowing silver altar of Zin.
  7963 | D:7      | Found a white marble altar of Elyvilon.
  8231 | D:7      | Gained mutation: You are surrounded by a moderate repulsion field. (EV +3) [demonic ancestry]
  8231 | D:7      | Reached XP level 9. HP: 51/69 MP: 9/9
  8648 | D:7      | Found a bloodstained altar of Trog.
  8672 | D:7      | Identified the +4 chain mail "Xiykeamn" {Int+4 Stlth+} (You found it on level 4 of the Dungeon)
  9062 | D:7      | Reached skill level 5 in Shields
  9326 | D:7      | Received a gift from Trog
  9551 | D:7      | Reached skill level 5 in Dodging
 10448 | D:8      | Noticed Maurice
 10449 | D:8      | Noticed a two-headed ogre
 10813 | D:8      | Found a staircase to the Lair.
 10839 | D:8      | Noticed a queen bee
 10844 | D:8      | Killed a queen bee
 10844 | D:8      | Gained mutation: You are surrounded by a strong repulsion field. (EV +4, RMsl) [demonic ancestry]
 10844 | D:8      | Reached XP level 10. HP: 77/77 MP: 10/10
 10877 | D:8      | Found a hazy altar of Hepliaklqana.
 11006 | D:8      | Killed a two-headed ogre
 11311 | D:8      | Killed Maurice
 11479 | D:8      | Found a basalt altar of Yredelemnul.
 11690 | D:9      | Got a pitted scale mail
 11771 | D:9      | Found a sacrificial altar of Ru.
 11790 | D:9      | You fall through a shaft for 3 floors!
 11945 | D:12     | Noticed a cyclops
 11973 | D:12     | Killed a cyclops
 12183 | D:12     | Noticed a purple ugly thing
 12212 | D:12     | Killed a purple ugly thing
 12533 | D:10     | Entered Level 10 of the Dungeon
 12595 | D:10     | Noticed a two-headed ogre
 12604 | D:10     | Killed a two-headed ogre
 12604 | D:10     | Reached XP level 11. HP: 84/84 MP: 11/11
 12828 | D:9      | Received a gift from Trog
 12916 | D:9      | Identified the +5 scale mail of Oboomno {Str+4} (You found it on level 9 of the Dungeon)
 13410 | D:10     | Found a staircase to the Orcish Mines.
 14401 | D:11     | Noticed a two-headed ogre
 14419 | D:11     | Killed a two-headed ogre
 15192 | D:12     | Noticed a cyan ugly thing
 15210 | D:12     | Killed a cyan ugly thing
 15226 | D:12     | Slain by a troll

Skill      XL: |  1  2  3  4  5  6  7  8  9 10 11 |
---------------+----------------------------------+-----
Long Blades    | 3 4 5 6 7 |  7.4
Armour         | 2 3 4 5 6 8 |  8.6
Dodging        | 2 3 4 5 6 |  6.6
Fighting       | 4 5 6 7 8 |  8.2
Shields        | 1 2 3 4 6 7 8 |  8.7
Stealth        | |  0.4

Action                   |  1- 3 |  4- 6 |  7- 9 | 10-12 || total
-------------------------+-------+-------+-------+-------++-------
Melee: Falchion          |   126 |   289 |   619 |   432 ||  1466
       Kick              |       |       |   203 |   167 ||   370
Invok: Berserk           |     3 |     6 |    13 |     9 ||    31
       Burn Spellbooks   |     1 |       |     1 |     1 ||     3
       Brothers in Arms  |       |       |     3 |     1 ||     4
  Use: Potion            |     1 |       |     2 |       ||     3
       Scroll            |       |    12 |     5 |     5 ||    22
  Eat: Chunk             |     5 |    10 |    17 |    16 ||    48
       Ration            |     1 |     1 |     6 |     4 ||    12
Armor: Animal skin       |    24 |     6 |       |       ||    30
       Plate armour      |       |   182 |   183 |       ||   365
       Chain mail        |       |       |   168 |    84 ||   252
       Scale mail        |       |       |       |    49 ||    49
Dodge: Dodged            |    84 |    96 |   308 |   186 ||   674
       Deflected         |       |       |       |     1 ||     1
Block: Shield            |    25 |   139 |   460 |   261 ||   885
       Rpst.: Falchion   |    26 |    30 |    90 |    48 ||   194
